 Dungeon Crawl Stone Soup version 0.29.1-1-gd02db69 (webtiles) character file.

Game seed: 15527601503404573373

842 Kel the Cleaver (level 8, -1/46 HPs)
             Began as a Gargoyle Berserker on Nov 25, 2022.
             Was a Priest of Trog.
             Slain by an orc wizard
             ... wielding a +0 dagger
              (2 damage)
             ... on level 6 of the Dungeon.
             The game lasted 00:06:22 (6138 turns).

Kel the Cleaver (Gargoyle Berserker)                Turns: 6138, Time: 00:06:24

Health: -1/46      AC: 15    Str: 22    XL:     8   Next: 0%
Magic:  8/8        EV:  8    Int:  9    God:    Trog [***...]
Gold:   349        SH:  6    Dex:  9    Spells: 7/7 levels left

rFire   . . .      SeeInvis .   r - +3 flail (venom)
rCold   . . .      Faith    .   p - +0 kite shield
rNeg    + . .      Spirit   .   w - +0 scale mail
rPois   ∞          Reflect  .   (no helmet)
rElec   +          Harm     .   t - +0 cloak
rCorr   .          Rampage  .   i - +1 pair of gloves
Will    .....                   (no boots)
Stlth   ..........              (no amulet)
HPRegen 0.15/turn               (no ring)
MPRegen 0.11/turn               (no ring)

@: no status effects
A: sickness immunity, AC +5, negative energy resistance 1, electricity
resistance, torment resistance 1, petrification resistance
a: Renounce Religion, Berserk, Trog's Hand


You were on level 6 of the Dungeon.
You worshipped Trog.
Trog was most pleased with you.
You visited 1 branch of the dungeon, and saw 6 of its levels.

You collected 349 gold pieces.

Inventory:

Hand Weapons
 r - a +3 flail of venom (weapon)
Armour
 i - a +1 pair of gloves (worn)
 p - a +0 kite shield (worn)
 t - a +0 cloak (worn)
 w - a +0 scale mail (worn)
Wands
 v - a wand of charming (9)
Scrolls
 g - 4 scrolls of identify {unknown}
 j - a scroll of fog {unknown}
 k - a scroll of teleportation {unknown}
 m - a scroll of silence {unknown}
 n - a scroll of magic mapping {unknown}
 o - a scroll of enchant armour {unknown}
 q - a scroll of summoning {unknown}
 s - a scroll of poison {unknown}
Potions
 a - 3 potions of mutation {unknown}
 b - 5 potions of flight {unknown}
 c - a potion of lignification {unknown}
 e - 3 potions of attraction {unknown}
 f - 2 potions of curing {unknown}
 h - a potion of magic {unknown}
 l - a potion of degeneration {unknown}
 u - a potion of heal wounds {unknown}


   Skills:
 - Level 3.2 Fighting
 + Level 8.5 Axes
 - Level 2.1 Armour
 - Level 1.5 Dodging


You had 7 spell levels left.
You didn't know any spells.
Your spell library was empty.

Dungeon Overview and Level Annotations

Branches:
Dungeon (6/15)
 Temple: D:4-7

Altars:

Shops:
D:5 (


Innate Abilities, Weirdness & Mutations

You are immune to sickness and miasma.
Your stone body is resilient. (AC +5)
You are immune to poison.
You resist negative energy. (rN+)
You are resistant to electric shocks. (rElec)
You are resistant to unholy torment.
You are immune to petrification.


Message History

The orc priest is almost dead.
You block the orc's attack.
The orc wizard hits you but does no damage.
The orc priest hits you but does no damage.
You closely miss the orc priest.
The orc priest is almost dead.
The orc closely misses you. You block the orc wizard's attack.
The orc priest hits you but does no damage.
You hit the orc priest.
The orc priest is poisoned.
The orc priest is almost dead.
You kill the orc priest!
Trog accepts your kill. The orc hits you with a +0 hand axe.
* * * LOW HITPOINT WARNING * * *
The orc wizard hits you but does no damage.
The orc hits you but does no damage.
The orc wizard mumbles some strange words.
The orc wizard flickers and vanishes!
Deactivating autopickup; reactivate with Ctrl-A.
You have reached level 8!
You feel clever.
You miss something. The orc hits you but does no damage.
Something hits you but does no damage.
You closely miss something. You block the orc's attack.
You hear some strange, mumbled words.
Something tries to affect you, but you resist.
You hit something but do no damage. You block something's attack.
You block the orc's attack. The orc hits you but does no damage.
Something hits you but does no damage.
You hit something.
You hear some strange, mumbled words.
A puff of flame appears from out of thin air!
The puff of flame misses you. The orc barely misses you.
You closely miss something. The orc hits you with a +0 hand axe.
* * * LOW HITPOINT WARNING * * *
Something hits you but does no damage.
You miss something. The orc hits you with a +0 hand axe.
* * * LOW HITPOINT WARNING * * *
You block something's attack. Something hits you.
You die...

#.#.............#.<...#.
#.#.#.##.######.#####.#.
#.#.#.##..[[###.†.....#.
#...#.####......######..
#######.#...........#
#..
..................#.#
#..
#######.#...........#
#.. ######...#.#.####. #
#.. ......<)@#.#.# ..
... ######.o{# # .. ....
#....<# ........ #.#!..#
#.#...# # ..... .......
###...#. #...#.#


You could see an orc.

Vanquished Creatures
  Sigmund (D:5)
  Edmund (D:5)
  An ice beast (D:5)
  A black bear (D:5)
  A bullfrog (D:6)
  A necrophage (D:5)
  A hound (D:4)
  An orc priest (D:6)
  An orc wizard (D:6)
  5 gnolls
  3 adders (D:2)
  A white imp (D:5)
  An ufetubus (D:4)
  A worm (D:2)
  6 dart slugs
  5 orcs
  12 ball pythons
  4 endoplasms
  6 giant cockroaches
  6 goblins
  5 hobgoblins
  7 quokkas
  5 bats
  2 frilled lizards (D:1)
  6 kobolds
  7 rats
91 creatures vanquished.

Vanquished Creatures (others)
  A plant (D:3)
1 creature vanquished.

Grand Total: 92 creatures vanquished

Notes
Turn   | Place    | Note
-------+----------+-------------------------------------------
     0 | D:1      | Kel the Gargoyle Berserker began the quest for the Orb.
     0 | D:1      | Reached XP level 1. HP: 14/14 MP: 1/1
    35 | D:1      | Reached skill level 3 in Axes
   273 | D:1      | Reached XP level 2. HP: 14/19 MP: 2/2
   566 | D:1      | Found a faded altar of an unknown god.
   608 | D:1      | Reached XP level 3. HP: 11/23 MP: 3/3
  1373 | D:2      | Reached skill level 4 in Axes
  1514 | D:2      | Reached XP level 4. HP: 28/28 MP: 4/4
  1720 | D:2      | Reached ** piety under Trog
  3176 | D:3      | Reached skill level 5 in Axes
  3419 | D:4      | Reached XP level 5. HP: 32/32 MP: 5/5
  4178 | D:4      | Reached *** piety under Trog
  4526 | D:5      | Entered Level 5 of the Dungeon
  4584 | D:5      | Noticed Edmund
  4592 | D:5      | Killed Edmund
  4593 | D:5      | Reached skill level 6 in Axes
  4593 | D:5      | Reached XP level 6. HP: 23/37 MP: 6/6
  4852 | D:5      | Noticed an ice beast
  4869 | D:5      | Killed an ice beast
  5184 | D:5      | Noticed a black bear
  5187 | D:5      | Found Ohaes's Weapon Emporium.
  5190 | D:5      | Killed a black bear
  5191 | D:5      | Reached skill level 7 in Axes
  5191 | D:5      | Reached XP level 7. HP: 41/41 MP: 7/7
  5673 | D:5      | Noticed Sigmund
  5696 | D:5      | Killed Sigmund
  5697 | D:5      | Reached skill level 8 in Axes
  6133 | D:6      | Reached XP level 8. HP: 9/46 MP: 8/8
  6138 | D:6      | HP: 1/46 [orc/+0 hand axe (6)]
  6138 | D:6      | Slain by an orc wizard

Illustrated notes

Levels and vault maps discovered:
D:1:      lightli_arrival_statue_moat, layout_loops_ring,
          shapermc_ecumenical_altar_venn, dk_noncrumbling_4
D:2:      layout_basic
D:3:      layout_loops_corners, grunt_decor_one_mirror, serial_bayou_pond_b
D:4:      layout_cave_pods, minmay_misc_feat_roman
D:5:      layout_loops_ring, serial_shops, nicolae_shop_stone, uniq_edmund,
          uniq_sigmund
D:6:      minmay_chambers_of_threes, layout_basic,
          minmay_temple_entry_from_below_a, serial_shops, shop, uniq_pikel,
          uniq_grinder, uniq_crazy_yiuf_cottage

Skill      XL: |  1  2  3  4  5  6  7 |
---------------+----------------------+-----
Axes           | 3 4 5 6 7 8 |  8.5
Fighting       | |  3.2
Armour         | |  2.1
Dodging        | |  1.5

Action                   |  1- 3 |  4- 6 |  7- 9 || total
-------------------------+-------+-------+-------++-------
Melee: Hand axe          |    94 |   160 |       ||   254
       Punch             |       |     2 |       ||     2
       Flail             |       |    19 |    41 ||    60
Invok: Berserk           |       |     1 |       ||     1
 Stab: Sleeping          |     1 |       |       ||     1
Armor: Ring mail         |    38 |    77 |     4 ||   119
       Scale mail        |       |       |    40 ||    40
Dodge: Dodged            |    65 |   106 |    14 ||   185
Block: Kite shield       |       |    13 |    16 ||    29
